Match 45243410
Unlisted

Match 45243410
End
250 Light Carrier
Selects Panzerjäger Kommand Battlegroup
Selects Blockade Equipment
Kradschützen Motorcycle Team
Panzergrenadier Squad
Panzergrenadier Squad
Construct Light Support Kompanie
Selects Tank Busters
2.5-tonne Medical Truck
MG34 Team
Fire Support Elements
Panzerjäger Mechanized Group
Selects Defensive Positions
Panzerjäger Squad
Construct Panzerarmee Kommand
Selects Butterfly Bomb Drop
Selects Crew Shock Tactics
Walking Stuka Rocket Launcher
Forward Retreat Point
Butterfly Bomb Drop
Tungsten Core Ammunition
Advanced Optics
Armored Reserves
Butterfly Bomb Drop
Veteran Squad Leaders
Walking Stuka Rocket Launcher
Emergency Repair Kits
Panzer IV Assault Group
Selects Elefant Tank Destroyer
Crew Shock Tactics
Panzerjäger Squad
Assault Grenadier Squad
Elefant Tank Destroyer
Flak 36 Anti-tank Gun Team
Kaiser
[BWR] KHORNYASHA
Pontiki
Raksus
S1L
风炀
BIG 坑
Tiikia
0
0

Comments sign in to comment!

No comments posted yet!